 Dungeon Crawl Stone Soup version 0.31-a0-188-g5e087ee2ca (webtiles) character file.

Game seed: 11716132299060298541

527 qw the Skirmisher (level 7, -3/40 HPs)
             Began as a Deep Elf Hunter on June 22, 2023.
             Slain by a lemure (4 damage)
             ... led by Pikel
             ... on level 4 of the Dungeon.
             The game lasted 00:01:23 (2762 turns).

qw the Skirmisher (Deep Elf Hunter)                 Turns: 2762, Time: 00:01:23

Health: -3/40      AC:  9    Str:  9    XL:     7   Next: 2%
Magic:  9/9        EV: 11    Int: 13    God:
Gold:   213        SH:  0    Dex: 22    Spells: 6/6 levels left

rFire   . . .        Y - +0 longbow (drain)
rCold   + . .        (shield currently unavailable)
rNeg    . . .        g - +0 ring mail {rC+}
rPois   .            d - +0 helmet
rElec   .            (no cloak)
rCorr   .            (no gloves)
SInv    .            i - +0 pair of boots
Will    .....        e - amulet of faith
Stlth   ++           (no ring)
HPRegen 0.26/turn    (no ring)
MPRegen 0.11/turn

%: faith
@: no status effects
A: iridescent scales 1, agile 1, MP-powered wands
a: no special abilities


You were on level 4 of the Dungeon.
You visited 1 branch of the dungeon, and saw 4 of its levels.

You collected 213 gold pieces.


Innate Abilities, Weirdness & Mutations

You are partially covered in iridescent scales. (AC +2)
You are agile. (Dex +4, Str/Int -1)
You expend magic power (3 MP) to strengthen your wands.


   Skills:
 - Level 2.0 Fighting
 + Level 10.2 Ranged Weapons
 - Level 1.5 Armour
 - Level 3.0 Dodging
 - Level 1.2 Stealth


You had 6 spell levels left.
You didn't know any spells.
Your spell library was empty.

Inventory:

Hand Weapons
 Y - a +0 longbow of draining (weapon)
Armour
 d - a +0 helmet (worn)
 g - a +0 ring mail of cold resistance (worn)
 i - a +0 pair of boots (worn)
Jewellery
 a - the amulet "Haacuq" {Spirit Fragile rPois rC+++ Stlth-}
   (You acquired it on level 1 of the Dungeon)

   [amulet of guardian spirit]

   It causes incoming damage to be divided between your reserves of health and
   magic.
   rC:        It renders you almost immune to cold.
   rPois:     It protects you from poison.
   Fragile:   It will be destroyed if unequipped.
   Stlth:     It makes you less stealthy.
 e - an amulet of faith (around neck)
Scrolls
 b - 2 scrolls of identify
Potions
 h - a potion of mutation
 k - a potion of magic {unknown}

Dungeon Overview and Level Annotations

Branches:
Dungeon (4/15)
 Temple: D:4-7

Altars:
Zin

Shops:
D:4 *

Annotations:
D:4 Pikel


Message History

The lemure shouts!
The arrow hits Pikel.
Pikel is lightly wounded.
You shoot an arrow. The arrow closely misses the lemure.
The arrow closely misses Pikel.
The arrow closely misses the lemure.
You shoot an arrow.
The arrow hits the lemure but does no damage.
You shoot an arrow. The arrow hits Pikel.
You drain Pikel.
Pikel is moderately wounded.
You shoot an arrow. The arrow completely misses the lemure.
The arrow hits the lemure!
The lemure is heavily wounded.
You shoot an arrow. The arrow barely misses the lemure.
Pikel hits you but does no damage. The lemure hits you.
You shoot an arrow. The arrow barely misses the lemure.
The arrow hits the lemure!
The lemure is moderately wounded.
Pikel misses you.
You shoot an arrow. The arrow misses the lemure.
Pikel closely misses you. The lemure hits you.
The lemure hits you but does no damage. The lemure closely misses you. x2
Pikel hits you but does no damage. The lemure hits you.
You shoot an arrow. The arrow hits the lemure!
The lemure is severely wounded.
Pikel hits you with a +0 whip of flaming!
Pikel burns you. The lemure closely misses you. The lemure barely misses you.
The lemure hits you.
You shoot an arrow. The arrow barely misses the lemure.
Pikel closely misses you. The lemure hits you but does no damage.
The lemure hits you! The lemure barely misses you.
The lemure hits you but does no damage. The lemure misses you.
Pikel completely misses you. The lemure hits you.
You shoot an arrow. The arrow hits the lemure.
The lemure is almost dead.
Pikel barely misses you. The lemure barely misses you.
The lemure hits you but does no damage. The lemure barely misses you.
You shoot an arrow. The arrow closely misses the lemure.
Pikel hits you with a +0 whip of flaming.
Pikel burns you. The lemure hits you.
You die...

.......#.....#...##..
####......#.....#...##..
...#+###..#.....#....#..
.......####.....#....#..
............#####....#..
............'...'....#..
.......5....#...#....#..
......K55...#...#...##..
####@5...#...#...##..
#.....#..##...#...
#.....#+###...#...
#.....#...#...#...
#.....#...'...#...
#.....#...#...#...
#.....#...#...#...
##.....#..##...#...
#......#..##...#...


You could see Pikel (drained) and 4 lemures.

Vanquished Creatures
  An ogre (D:4)
  A bullfrog (D:4)
  A scorpion (D:4)
  An orc priest (D:4)
  Natasha (thrice) (D:3)
  2 orc wizards
  Robin (D:3)
  3 adders
  2 worms (D:2)
  4 dart slugs
  12 orcs
  9 endoplasms
  4 giant cockroaches
  21 goblins
  7 hobgoblins
  8 jackals
  2 quokkas
  8 ball pythons
  4 bats
  5 frilled lizards
  5 kobolds
  8 rats
112 creatures vanquished.

Notes
Turn   | Place    | Note
-------+----------+-------------------------------------------
     0 | D:1      | qw the Deep Elf Hunter began the quest for the Orb.
     0 | D:1      | Reached XP level 1. HP: 12/12 MP: 3/3
     0 | D:1      | 0 ||| qw: Version: 0.3-a-9-g12657ce
     0 | D:1      | 0 ||| qw: Game counter: 2812
     0 | D:1      | 0 ||| qw: Always use a shield: true
     0 | D:1      | 0 ||| qw: God list: Okawaru
     0 | D:1      | 0 ||| qw: Allow faded altars: false
     0 | D:1      | 0 ||| qw: Do Orc after D:15 true
     0 | D:1      | 0 ||| qw: Do second Lair branch before Depths: true
     0 | D:1      | 0 ||| qw: Lair rune preference: random
     0 | D:1      | 0 ||| qw: Plans: Normal
     0 | D:1      | 0 ||| PLANNING D:1-11
   171 | D:1      | Reached XP level 2. HP: 16/16 MP: 4/4
   174 | D:1      | Reached skill level 6 in Ranged Weapons
   353 | D:1      | Reached XP level 3. HP: 8/20 MP: 5/5
   399 | D:1      | 399 ||| FLEEEEING.
   400 | D:1      | 400 ||| FLEEEEING.
   707 | D:1      | 707 ||| UPGRADING to +0 ring mail.
   717 | D:1      | 717 ||| DROPPING +0 leather armour.
   718 | D:1      | 718 ||| READING scroll labelled ONIGESKOY.
   719 | D:1      | 719 ||| READING scroll labelled HYBLEU QONOG.
   719 | D:1      | Identified a scroll of acquirement
   719 | D:1      | 719 ||| ACQUIRING amulet "Haacuq" {Spirit Fragile rPois
                  | rC+++ Stlth-}
   719 | D:1      | Acquired the amulet "Haacuq" {Spirit Fragile rPois rC+++
                  | Stlth-}
   721 | D:1      | 721 ||| DROPPING scroll of butterflies.
   818 | D:2      | Reached skill level 7 in Ranged Weapons
   848 | D:2      | 848 ||| READING scroll of acquirement.
   848 | D:2      | 848 ||| ACQUIRING +0 longbow of draining
   848 | D:2      | Acquired a +0 longbow of draining
   850 | D:2      | 850 ||| SWAPPING to +0 longbow of draining.
   851 | D:2      | 851 ||| DROPPING +0 shortbow.
  1094 | D:2      | Reached XP level 4. HP: 25/25 MP: 6/6
  1343 | D:2      | 1343 ||| UPGRADING to +0 ring mail of cold resistance.
  1353 | D:2      | 1353 ||| DROPPING +0 ring mail.
  1354 | D:2      | 1354 ||| UPGRADING to +0 pair of boots.
  1359 | D:2      | 1359 ||| READING scroll labelled TAOFUVAINI.
  1360 | D:2      | 1360 ||| READING scroll labelled YNIOZXI YMAXYBIN.
  1361 | D:2      | 1361 ||| DRINKING 2 red potions.
  1363 | D:2      | 1363 ||| Stepping ~*~*~tactically~*~*~ (cloud).
  1508 | D:3      | Noticed Robin
  1514 | D:3      | 1514 ||| Stepping ~*~*~tactically~*~*~ (outnumbered).
  1516 | D:3      | 1516 ||| FLEEEEING.
  1519 | D:3      | Killed Robin
  1520 | D:3      | Reached skill level 8 in Ranged Weapons
  1520 | D:3      | 1520 ||| FLEEEEING.
  1521 | D:3      | 1521 ||| FLEEEEING.
  1522 | D:3      | 1522 ||| FLEEEEING.
  1612 | D:3      | Noticed Natasha
  1617 | D:3      | Killed Natasha
  1618 | D:3      | Reached XP level 5. HP: 20/29 MP: 7/7
  1647 | D:3      | Noticed Natasha
  1650 | D:3      | Killed Natasha
  1771 | D:3      | Reached skill level 9 in Ranged Weapons
  1955 | D:3      | Noticed Natasha
  1956 | D:3      | Killed Natasha
  2015 | D:3      | 2015 ||| UPGRADING to +0 helmet.
  2020 | D:3      | 2020 ||| UPGRADING to amulet of faith.
  2025 | D:3      | 2025 ||| READING scroll labelled COSUTA VETYETT.
  2026 | D:3      | 2026 ||| DRINKING 2 murky yellow potions.
  2026 | D:3      | Gained mutation: You expend magic power (3 MP) to
                  | strengthen your wands. [potion of mutation]
  2026 | D:3      | Gained mutation: You are agile. (Dex +4, Str/Int -1)
                  | [potion of mutation]
  2026 | D:3      | Gained mutation: You are partially covered in iridescent
                  | scales. (AC +2) [potion of mutation]
  2027 | D:3      | 2027 ||| READING 2 scrolls of identify.
  2027 | D:3      | 2027 ||| IDENTIFYING black potion
  2028 | D:3      | 2028 ||| DROPPING potion of lignification.
  2051 | D:4      | Found a glowing silver altar of Zin.
  2051 | D:4      | Found Zin's Purification Station.
  2057 | D:4      | 2057 ||| STAIRDANCE
  2063 | D:3      | HP: 7/30 [orc/+0 flail (1)]
  2064 | D:3      | 2064 ||| DRINKING 2 potions of heal wounds.
  2069 | D:3      | HP: 7/30 [poisoned by an orc wizard]
  2070 | D:3      | Reached skill level 3 in Dodging
  2070 | D:3      | 2070 ||| DRINKING potion of heal wounds.
  2147 | D:4      | 2147 ||| STAIRDANCE
  2201 | D:4      | 2201 ||| SHOPLISTING 2 potions of curing (180 gold, have
                  | 176).
  2256 | D:4      | Reached skill level 1 in Armour
  2256 | D:4      | Reached XP level 6. HP: 32/35 MP: 8/8
  2583 | D:4      | Reached skill level 10 in Ranged Weapons
  2583 | D:4      | Reached XP level 7. HP: 40/40 MP: 9/9
  2750 | D:4      | Noticed Pikel
  2760 | D:4      | HP: 7/40 [lemure[Pikel] (8)]
  2762 | D:4      | HP: 2/40 [Pikel/+0 whip of flaming (4)]
  2762 | D:4      | Slain by a lemure

Levels and vault maps discovered:
D:1:      eino_arrival_cavern_c, layout_basic
D:2:      layout_loops_ring
D:3:      layout_rooms, uniq_natasha, uniq_robin
D:4:      cheibrodos_helix_gallery, layout_gridville, zin_purify, uniq_pikel

Skill      XL: |  1  2  3  4  5  6 |
---------------+-------------------+-----
Ranged Weapons | 6 7 8 9 10 | 10.2
Fighting       | 2 |  2.0
Dodging        | 3 |  3.0
Armour         | 1 |  1.5
Stealth        | |  1.2

Action                     |  1- 3 |  4- 6 |  7- 9 || total
---------------------------+-------+-------+-------++-------
   Fire: Shortbow          |   110 |       |       ||   110
         Longbow           |     9 |   128 |    20 ||   157
    Use: Scroll            |     3 |     4 |       ||     7
         Potion            |       |     4 |       ||     4
 Armour: Leather armour    |     3 |       |       ||     3
         Ring mail         |     1 |    30 |     7 ||    38
  Dodge: Dodged            |    23 |    30 |    14 ||    67

Table legend:
 A = Non-vault XP
 B = Vault XP
 C = Vault XP percentage of total XP
 D = Non-vault monster count
 E = Vault monster count
 F = Vault count percentage of total count
                 A         B        C        D         E       F
            +---------+---------+-------+---------+---------+-------
      Total |     678 |      75 |  10.0 |      97 |      15 |  13.4
            +---------+---------+-------+---------+---------+-------
        D:1 |      52 |       0 |   0.0 |      32 |       0 |   0.0
        D:2 |      71 |       0 |   0.0 |      21 |       0 |   0.0
        D:3 |     164 |      71 |  30.2 |      26 |      13 |  33.3
        D:4 |     391 |       4 |   1.0 |      18 |       2 |  10.0
            +---------+---------+-------+---------+---------+-------
